[Event "Titled Tuesday Blitz March 21 Late 2023"]
[White "Pinheiro, Iung Alicio de O."]
[Black "chessjazda"]
[WhiteFideId "2104350"]
[WhiteElo "2283"]
[BlackElo "2353"]
[Result "1/2-1/2"]
[Round "07"]
[TimeControl "180+2"]
[Date "2023.03.21"]
[WhiteClock "0:00:06"]
[BlackClock "0:00:04"]

1. c4 Nf6 2. g3 c6 3. Nf3 d5 4. Bg2 Bf5 5. b3 e6 6. Bb2 Be7 7. O-O O-O 8. d3 Nbd7 9. Nbd2 h6 10. a3 a5 11. Ra2 Rc8 12. Qa1 b5 13. Nd4 bxc4 14. Nxf5 exf5 15. bxc4 Nc5 16. Rc1 a4 17. Bd4 Nb3 18. Nxb3 axb3 19. Rb2 Rb8 20. Rc3 dxc4 21. Rxc4 c5 22. Bxc5 Bxc5 23. Rxc5 Qd4 24. Rc4 Qe5 25. Qb1 Nd5 26. Rxb3 Rxb3 27. Qxb3 Rb8 28. Qd1 Nc3 29. Rxc3 Qxc3 30. Bf3 Qxa3 31. Kg2 Qc3 32. h3 Rc8 33. Qa4 Qe5 34. Qd7 Re8 35. Qc6 Re7 36. e3 Qe6 37. Qa8+ Re8 38. Qa4 Rd8 39. d4 Qd6 40. Qb5 g6 41. Qb1 Kg7 42. Qd1 Kh7 43. h4 Kg7 44. h5 Kh7 45. hxg6+ fxg6 46. Qb1 h5 47. Qb5 Kh6 48. Bc6 Kg7 49. d5 Kh6 50. Qb2 Qe7 51. Qd4 Qe4+ 52. Qxe4 fxe4 53. f3 Kg5 54. fxe4 Kf6 55. Kf3 Ke5 56. Ke2 g5 57. Kf3 Rf8+ 58. Kg2 Rf6 59. Bb7 Rd6 60. Kf3 g4+ 61. Ke2 Kxe4 62. Bc6 Ke5 63. Kf2 Rf6+ 64. Kg2 Kd6 65. e4 Rf3 66. Be8 Ke5 67. Bxh5 Kxe4 68. Bxg4 Rd3 69. Be6 Ke5 70. Kh3 Kf6 71. Kg4 Rd4+ 72. Kh5 Rd1 73. Kh4 Rh1+ 74. Kg4 Rd1 75. Kf4 Rd4+ 76. Ke3 Ra4 77. g4 Ra3+ 78. Kd4 Ra4+ 79. Kc5 Ra5+ 80. Kb6 Ra1 81. Bf5 Ke5 82. Kc6 Rd1 83. Be6 Rd4 84. Kd7 Rxd5+ 85. Bxd5 Kxd5 86. g5 Ke5 87. g6 Kf6 88. g7 Kxg7 1/2-1/2


[Site "https://www.chess.com"]

[Event "Titled Tuesday Blitz March 21 Late 2023"]
[White "Hirneise, Jens"]
[Black "Bhavikatti, Neil"]
[WhiteFideId "24614734"]
[BlackFideId "30935024"]
[WhiteElo "2345"]
[BlackElo "2342"]
[Result "0-1"]
[Round "07"]
[TimeControl "180+2"]
[Date "2023.03.21"]
[WhiteClock "0:00:02"]
[BlackClock "0:00:08"]

1. e4 e5 2. Bc4 Nc6 3. Nc3 Nf6 4. d3 Na5 5. Bd5 c6 6. Bb3 h6 7. Nge2 Nxb3 8. axb3 Bb4 9. O-O O-O 10. f4 d6 11. fxe5 dxe5 12. h3 Bc5+ 13. Kh2 Ng4+ 14. Kg3 Ne3 15. Bxe3 Bxe3 16. Kh2 Be6 17. Rf3 Bb6 18. Ng3 g6 19. Qd2 Qh4 20. Raf1 Kh7 21. Nce2 Bc7 22. Kg1 Rad8 23. Qe1 Bb6+ 24. Kh2 Bg4 25. Rxf7+ Kg8 26. Rxf8+ Rxf8 27. Rxf8+ Kxf8 28. Qf1+ Kg7 29. Nc3 Be6 30. Qf3 Qf4 31. Qxf4 exf4 32. Nge2 g5 33. d4 Kf6 34. Na4 Bc7 35. Kg1 b6 36. c4 Bc8 37. Nac3 h5 38. b4 g4 39. hxg4 hxg4 40. b5 f3 41. gxf3 gxf3 42. e5+ Kf5 43. Ng3+ Kg4 44. Kf2 c5 45. Nd5 Bd8 46. Nf6+ Kf4 47. Ngh5+ Kf5 48. Ng3+ Kf4 49. Nd5+ Kg4 50. dxc5 Bh4 51. Nf6+ Kf4 52. Nh5+ Kxe5 53. Kxf3 bxc5 54. Ke3 Bg5+ 55. Kd3 Bb7 56. Kc3 Be3 0-1


[Site "https://www.chess.com"]

[Event "Titled Tuesday Blitz March 21 Late 2023"]
[White "Munoz, Francisco Javier"]
[Black "Kostiukov, Alexandr"]
[WhiteFideId "128368"]
[BlackFideId "14108100"]
[WhiteElo "2383"]
[BlackElo "2202"]
[Result "1-0"]
[Round "07"]
[TimeControl "180+2"]
[Date "2023.03.21"]
[WhiteClock "0:00:39"]
[BlackClock "0:00:02"]

1. e4 c5 2. Nc3 g6 3. f4 Bg7 4. Nf3 Nc6 5. Bb5 Nd4 6. Nxd4 cxd4 7. Ne2 a6 8. Ba4 e6 9. Bb3 Ne7 10. d3 O-O 11. O-O Nc6 12. f5 Na5 13. Ng3 Nxb3 14. axb3 d5 15. Qf3 dxe4 16. dxe4 f6 17. Bd2 e5 18. Rad1 Qb6 19. Kh1 Bd7 20. c3 Qxb3 21. cxd4 Qxf3 22. Rxf3 exd4 23. Bb4 Rfd8 24. Rxd4 Bb5 25. Rxd8+ Rxd8 26. h3 Kf7 27. Bc3 g5 28. Re3 Rd1+ 29. Kh2 Bf8 30. e5 fxe5 31. Ne4 h6 32. Bxe5 Bc5 33. Nxc5 1-0


[Site "https://www.chess.com"]

[Event "Titled Tuesday Blitz March 21 Late 2023"]
[White "Cella, Glaucio Dalla Cortt"]
[Black "Kalajzic, Ivan"]
[WhiteFideId "2119455"]
[BlackFideId "14506378"]
[WhiteElo "2011"]
[BlackElo "2203"]
[Result "1-0"]
[Round "07"]
[TimeControl "180+2"]
[Date "2023.03.21"]
[WhiteClock "0:02:10"]
[BlackClock "0:01:54"]

1. e4 Nc6 2. Nf3 d6 3. d4 Bg4 4. Bc4 Nf6 5. c3 e5 6. Qb3 Qd7 7. Bxf7+ Qxf7 8. Qxb7 Rb8 9. Qxc6+ Qd7 10. Qxd7+ Bxd7 11. dxe5 Nxe4 12. O-O Bg4 13. exd6 Bxd6 14. Re1 1-0


[Site "https://www.chess.com"]

[Event "Titled Tuesday Blitz March 21 Late 2023"]
[White "Itkis, Boris"]
[Black "Reprintsev, Alexander"]
[WhiteFideId "1209167"]
[BlackFideId "14100541"]
[WhiteElo "2216"]
[BlackElo "2229"]
[Result "0-1"]
[Round "07"]
[TimeControl "180+2"]
[Date "2023.03.21"]
[WhiteClock "0:01:56"]
[BlackClock "0:01:53"]

1. c4 e5 2. Nf3 e4 3. Nd4 d5 4. cxd5 Qxd5 5. e3 Qe5 6. Nc3 Nf6 7. d3 Bb4 8. Qa4+ Nc6 9. Nxc6 Bxc3+ 10. Kd1 bxc6 11. Qxc6+ Ke7 12. Qxc3 Qxc3 13. bxc3 exd3 14. Bxd3 Rd8 15. Ke2 Rb8 16. Ba3+ Ke8 17. Rab1 Rb6 18. Bc5 Rxb1 19. Rxb1 Rxd3 0-1


[Site "https://www.chess.com"]

[Event "Titled Tuesday Blitz March 21 Late 2023"]
[White "Hajiyev, Kanan"]
[Black "MunichMouse"]
[WhiteFideId "13404148"]
[WhiteElo "2103"]
[BlackElo "2313"]
[Result "1-0"]
[Round "07"]
[TimeControl "180+2"]
[Date "2023.03.21"]
[WhiteClock "0:00:14"]
[BlackClock "0:00:30"]

1. d4 Nf6 2. Nf3 g6 3. c4 Bg7 4. Nc3 d6 5. g3 O-O 6. Bg2 Nbd7 7. O-O e5 8. e4 c6 9. b3 Re8 10. Bb2 Qc7 11. Qc2 Nf8 12. Rad1 Ne6 13. h3 exd4 14. Nxd4 Nxd4 15. Rxd4 Be6 16. Rfd1 Rad8 17. Qd2 Rd7 18. Rxd6 Red8 19. Rxd7 Rxd7 20. Qc2 Ne8 21. Rxd7 Qxd7 22. Kh2 Bd4 23. Nd1 Bxb2 24. Nxb2 Qd4 25. Nd1 Nc7 26. Ne3 Na6 27. Qd1 Qxd1 28. Nxd1 Nb4 29. Nc3 Kf8 30. Kg1 Ke7 31. Kf1 Kd6 32. Ke2 Kc5 33. Kd2 Kd4 34. a3 Na6 35. f4 f6 36. g4 Nb8 37. Bf1 Kc5 38. b4+ Kd4 39. c5 Bb3 40. Ne2+ Kxe4 41. Bg2# 1-0


[Site "https://www.chess.com"]

[Event "Titled Tuesday Blitz March 21 Late 2023"]
[White "Albuquerque Junior,Wellington S."]
[Black "Omelja, Artem"]
[WhiteFideId "2151480"]
[BlackFideId "14119846"]
[WhiteElo "2109"]
[BlackElo "2404"]
[Result "0-1"]
[Round "07"]
[TimeControl "180+2"]
[Date "2023.03.21"]
[WhiteClock "0:00:04"]
[BlackClock "0:00:39"]

1. c4 Nf6 2. g3 e6 3. Bg2 d5 4. Nf3 Be7 5. O-O O-O 6. b3 c5 7. Bb2 Nc6 8. e3 b6 9. Qe2 Ba6 10. Nc3 Qc7 11. Rac1 Rfd8 12. d3 Rac8 13. Rfd1 d4 14. exd4 Nxd4 15. Nxd4 cxd4 16. Nb5 Bxb5 17. cxb5 Qd6 18. Rc4 Rxc4 19. bxc4 Nd7 20. Qe4 Nc5 21. Qc6 Qe5 22. Bf3 h6 23. Kg2 Na4 24. Ba1 Bb4 25. Qe4 Qxe4 26. Bxe4 Bc3 27. Bf3 Kf8 28. Kf1 Ke7 29. Ke2 Kd6 30. Rc1 Kc5 31. Kd1 Kb4 32. Kc2 Ka3 33. Bxc3 Nxc3 34. Ra1 e5 35. h4 g5 36. h5 f5 37. Bc6 e4 38. Re1 exd3+ 39. Kxd3 Nxa2 40. Re6 Nb4+ 41. Kd2 Rh8 42. Rf6 Kb3 43. Rxf5 Kxc4 44. Rf7 a5 0-1


[Site "https://www.chess.com"]

[Event "Titled Tuesday Blitz March 21 Late 2023"]
[White "Storn, Justin"]
[Black "Romkachess"]
[WhiteFideId "30922720"]
[WhiteElo "2309"]
[BlackElo "2504"]
[Result "0-1"]
[Round "07"]
[TimeControl "180+2"]
[Date "2023.03.21"]
[WhiteClock "0:00:08"]
[BlackClock "0:00:04"]

1. d4 Nf6 2. c4 e6 3. Nc3 Bb4 4. e3 O-O 5. Ne2 c6 6. a3 Ba5 7. b4 Bc7 8. c5 d5 9. cxd6 Bxd6 10. Bb2 Nbd7 11. Ng3 e5 12. d5 cxd5 13. Nxd5 Nxd5 14. Qxd5 Nf6 15. Qd2 a5 16. Rd1 Bc7 17. Qxd8 Rxd8 18. Rxd8+ Bxd8 19. Bxe5 axb4 20. axb4 Be7 21. b5 Bb4+ 22. Kd1 Ra2 23. Be2 Ng4 24. Bxg4 Bxg4+ 25. Kc1 Rxf2 26. h3 Be6 27. Rd1 f6 28. Rd8+ Kf7 29. Bd4 Ba3+ 30. Kb1 Rxg2 31. Rb8 Rxg3 32. Rxb7+ Kg6 33. b6 Rg1+ 34. Kc2 Rg2+ 35. Kc3 Bd5 36. Rd7 Be4 37. Kc4 Rc2+ 38. Kb5 Rc1 39. Ka6 Rb1 40. b7 Bxb7+ 41. Rxb7 Rxb7 42. Kxb7 Kf5 43. Kc6 Ke4 44. Kd7 Bc1 45. Ke6 Bxe3 46. Bxf6 g6 47. Bd8 Bd4 48. Kf7 Kf5 49. Kg8 h5 50. h4 Bf6 51. Bc7 Bxh4 52. Kh7 Bf6 53. Bg3 h4 54. Be1 g5 55. Ba5 h3 56. Bc7 Be5 57. Bb6 h2 58. Kg8 h1=Q 59. Kf7 Qb7+ 60. Bc7 Qxc7+ 61. Kg8 Qg7# 0-1


[Site "https://www.chess.com"]

[Event "Titled Tuesday Blitz March 21 Late 2023"]
[White "Donskov, Anatoly"]
[Black "sebastianmarinp"]
[WhiteFideId "24143413"]
[WhiteElo "2247"]
[BlackElo "2311"]
[Result "1-0"]
[Round "07"]
[TimeControl "180+2"]
[Date "2023.03.21"]
[WhiteClock "0:00:10"]
[BlackClock "0:00:02"]

1. e4 e5 2. Nf3 Nc6 3. Bb5 a6 4. Ba4 Nf6 5. Qe2 b5 6. Bb3 Bb7 7. c3 Bc5 8. O-O d6 9. Rd1 Qe7 10. d3 h6 11. a4 O-O 12. Nbd2 b4 13. a5 bxc3 14. bxc3 Bc8 15. Nf1 Bd7 16. Ng3 Rab8 17. Bc4 Ra8 18. Nh4 Bg4 19. Nf3 Nh5 20. Nf5 Qf6 21. Bd5 Ne7 22. Nxe7+ Qxe7 23. Bxa8 Rxa8 24. d4 Ba7 25. h3 Bc8 26. Be3 exd4 27. Bxd4 Nf4 28. Qe3 Bxd4 29. cxd4 Qf6 30. e5 dxe5 31. dxe5 Qf5 32. Rd8+ Kh7 33. Rc1 Bb7 34. Rxa8 Bxa8 35. Rxc7 Nxh3+ 36. Kh2 Nf4 37. Rc4 Qh5+ 38. Kg1 Nh3+ 39. gxh3 1-0


[Site "https://www.chess.com"]

[Event "Titled Tuesday Blitz March 21 Late 2023"]
[White "Khandelwal, Ankush"]
[Black "Smith, Garrett L"]
[WhiteFideId "413470"]
[BlackFideId "2024829"]
[WhiteElo "2263"]
[BlackElo "2308"]
[Result "1-0"]
[Round "07"]
[TimeControl "180+2"]
[Date "2023.03.21"]
[WhiteClock "0:01:19"]
[BlackClock "0:00:53"]

1. e4 c5 2. Nf3 Nc6 3. Bb5 e6 4. O-O Nge7 5. Re1 a6 6. Bf1 d5 7. exd5 Nxd5 8. d4 Nf6 9. Be3 Ng4 10. Bg5 f6 11. d5 fxg5 12. dxc6 Qxd1 13. Rxd1 Be7 14. cxb7 Bxb7 15. Nbd2 O-O-O 16. Re1 Bf6 17. c3 Rhe8 18. Ne4 h6 19. Nxc5 Bxf3 20. Bxa6+ Kc7 21. gxf3 Ne5 22. Be2 Rd2 23. Rab1 Ng6 24. Ne4 Rd5 25. Bc4 Rf5 26. Re3 Nh4 27. Be2 Be5 28. Ng3 1-0


[Site "https://www.chess.com"]

[Event "Titled Tuesday Blitz March 21 Late 2023"]
[White "reevecanada"]
[Black "Vifleemskaia, Svetlana"]
[BlackFideId "4129490"]
[WhiteElo "2451"]
[BlackElo "1930"]
[Result "0-1"]
[Round "07"]
[TimeControl "180+2"]
[Date "2023.03.21"]
[WhiteClock "0:00:41"]
[BlackClock "0:00:19"]

1. e4 e5 2. Bc4 Nf6 3. Nc3 c6 4. f4 d5 5. fxe5 dxc4 6. exf6 Qxf6 7. Nf3 Bc5 8. Qe2 Be6 9. b3 b5 10. Bb2 Qe7 11. O-O-O Nd7 12. d4 cxd3 13. cxd3 Ba3 14. d4 Bxb2+ 15. Kxb2 O-O 16. Rhe1 Nb6 17. d5 Bd7 18. d6 Qd8 19. e5 a5 20. Ne4 Nd5 21. Nc5 Be6 22. Nd4 Re8 23. Ndxe6 fxe6 24. Qg4 a4 25. Rf1 axb3 26. Nxb3 Qd7 27. a3 Qa7 28. Ra1 Ne3 29. Qd4 Nxf1 30. Qxa7 Rxa7 31. Rxf1 Rf8 32. Rxf8+ Kxf8 33. Nc5 Kf7 34. g4 g5 35. Kb3 Ra8 36. Kb4 h5 37. gxh5 Rh8 38. Ka5 Rxh5 39. Kb6 Rxh2 40. d7 Rd2 41. Kc7 Ke7 42. Kxc6 Rd5 43. Kxb5 g4 44. d8=Q+ Kxd8 45. Kc4 Rxc5+ 46. Kxc5 g3 47. Kd6 g2 48. Kxe6 g1=Q 49. Kf7 Qa7+ 50. Kf6 Qxa3 51. e6 Qe7+ 52. Kf5 Kc7 53. Ke5 Kc6 54. Kf5 Kd6 55. Kf4 Qxe6 56. Kg5 Ke5 57. Kh5 Qg8 58. Kh4 Kf4 59. Kh3 Qg3# 0-1


[Site "https://www.chess.com"]

[Event "Titled Tuesday Blitz March 21 Late 2023"]
[White "Harish, Neeraj"]
[Black "Forgacs, Attila Jr."]
[WhiteFideId "30958130"]
[BlackFideId "773654"]
[WhiteElo "1963"]
[BlackElo "2168"]
[Result "0-1"]
[Round "07"]
[TimeControl "180+2"]
[Date "2023.03.21"]
[WhiteClock "0:00:09"]
[BlackClock "0:00:06"]

1. e4 a6 2. d4 b5 3. Bd3 Bb7 4. Nf3 Nf6 5. Qe2 e6 6. O-O c5 7. c3 Be7 8. Re1 d6 9. Nbd2 O-O 10. Nf1 Re8 11. Ng3 Nc6 12. a3 Rc8 13. Be3 Bf8 14. b4 cxd4 15. cxd4 e5 16. d5 Ne7 17. Rec1 Qd7 18. Bg5 Ng6 19. Nf5 Nf4 20. Qd2 Nxd3 21. Qxd3 Nxd5 22. Rxc8 Qxc8 23. Rc1 Qd7 24. Qc2 Nf4 25. Bxf4 exf4 26. Re1 Bxe4 27. Rxe4 Qxf5 28. Re2 Qxc2 29. Rxc2 g5 30. Kf1 g4 31. Nd4 Bg7 32. Nf5 Be5 33. Rc6 Bb2 34. Rxa6 Bc3 35. f3 g3 36. hxg3 fxg3 37. Nxg3 Re1+ 38. Kf2 Ra1 39. Rxd6 Be1+ 40. Ke2 Bxg3 41. Rd5 Ra2+ 42. Kd3 Rxa3+ 43. Kc2 Ra2+ 44. Kb3 Rxg2 45. Rxb5 Be1 46. Rb8+ Kg7 47. b5 Rf2 48. b6 Rxf3+ 49. Ka2 Bf2 50. b7 Bg3 51. Rc8 Rf2+ 52. Kb1 h5 53. b8=Q Bxb8 54. Rxb8 h4 55. Rb4 Rh2 56. Kc1 f5 57. Kd1 Kg6 58. Ke1 Kg5 59. Kf1 f4 60. Kg1 Ra2 61. Rb5+ Kg4 62. Rb8 Kf3 63. Rb3+ Kg4 64. Rb8 Kg3 65. Rg8+ Kf3 66. Rb8 Ra1+ 67. Kh2 Kf2 68. Rb2+ Ke3 69. Rb3+ Ke2 70. Rb2+ Kf3 71. Rb3+ Kg4 72. Rb2 Ra3 73. Rg2+ Kf3 74. Rb2 Re3 75. Kh3 Ke4+ 76. Kxh4 Rg3 77. Rb4+ Ke3 78. Rb3+ Kf2 79. Rb4 Kf3 80. Rb3+ Kg2 81. Rb4 f3 82. Rb2+ f2 83. Rb1 Rg8 84. Rb2 Kg1 85. Rb1+ f1=Q 86. Rxf1+ Kxf1 87. Kh5 Kf2 88. Kh6 Kf3 89. Kh7 Rg1 90. Kh6 Kf4 91. Kh5 Rg2 92. Kh4 Rh2# 0-1


[Site "https://www.chess.com"]

[Event "Titled Tuesday Blitz March 21 Late 2023"]
[White "marik_spb"]
[Black "Skaric, Djuro"]
[BlackFideId "934569"]
[WhiteElo "2416"]
[BlackElo "2282"]
[Result "1-0"]
[Round "07"]
[TimeControl "180+2"]
[Date "2023.03.21"]
[WhiteClock "0:00:15"]
[BlackClock "0:00:06"]

1. d4 d6 2. c4 g6 3. Nc3 Bg7 4. e4 Nf6 5. Be3 O-O 6. f3 Nc6 7. Bd3 e5 8. d5 Ne7 9. Nge2 Nh5 10. Rc1 f5 11. c5 Nf4 12. O-O g5 13. cxd6 cxd6 14. Nb5 Nxe2+ 15. Qxe2 f4 16. Bf2 g4 17. fxg4 Ng6 18. Qf3 Qg5 19. h3 Qd8 20. Nc7 Bd7 21. Nxa8 Qxa8 22. Rc7 Rf7 23. Rfc1 Bf8 24. b3 a6 25. a4 Qd8 26. Rxb7 Nh8 27. Rcc7 h5 28. gxh5 Bh6 29. Bxa6 Rg7 30. Bb5 Bxb5 31. Rxg7+ Bxg7 32. axb5 Nf7 33. Qg4 Qa5 34. Qe6 Qa1+ 35. Kh2 1-0


[Site "https://www.chess.com"]

[Event "Titled Tuesday Blitz March 21 Late 2023"]
[White "Castellanos Gomez, Alejandro"]
[Black "Thiel, Thomas"]
[WhiteFideId "22284141"]
[BlackFideId "4615964"]
[WhiteElo "2158"]
[BlackElo "2266"]
[Result "1-0"]
[Round "07"]
[TimeControl "180+2"]
[Date "2023.03.21"]
[WhiteClock "0:00:02"]
[BlackClock "0:00:02"]

1. d4 Nf6 2. Bf4 d5 3. e3 c5 4. c3 Qb6 5. Qb3 c4 6. Qc2 Nc6 7. Nd2 g6 8. e4 Nxe4 9. Nxe4 dxe4 10. Bxc4 Bg7 11. Ne2 O-O 12. O-O Bf5 13. Ng3 e5 14. Nxf5 gxf5 15. dxe5 Nxe5 16. Bxe5 Bxe5 17. Rad1 Rad8 18. Qe2 Qh6 19. g3 Qg6 20. Bd5 b6 21. Bb7 Rd6 22. Rxd6 Bxd6 23. Rd1 Rd8 24. Rd5 Be7 25. Kg2 Rxd5 26. Bxd5 Qd6 27. Qc4 Qc5 28. Bxf7+ Kg7 29. Qb3 e3 30. Bg8 Qc6+ 31. Kh3 Qh6+ 32. Kg2 Qc6+ 33. f3 Qf6 34. Bc4 Qd6 35. Qc2 f4 36. Qd3 Qxd3 37. Bxd3 Bd6 38. Be4 h6 39. Bd3 Kf6 40. Bc2 Ke5 41. Bd3 Bc5 42. Kf1 a5 43. Ke2 Be7 44. Bg6 Kf6 45. Be4 Bd6 46. Kd3 fxg3 47. hxg3 Bxg3 48. Kxe3 h5 49. f4 h4 50. Kf3 Be1 51. Kg4 Bd2 52. f5 Be1 53. Bd3 Bf2 54. Bf1 Be1 55. Kf4 Bf2 56. Ke4 Bg3 57. Bh3 Kg5 58. Kd5 Bf4 59. Kc6 Be3 60. b4 axb4 61. cxb4 Bd4 62. a4 Kf4 63. Kd5 Bc3 64. b5 Kg3 65. Bf1 h3 66. Bxh3 Kxh3 67. a5 1-0


[Site "https://www.chess.com"]

[Event "Titled Tuesday Blitz March 21 Late 2023"]
[White "Battlecruiser_Operational"]
[Black "Meunier-Pion, Jean"]
[BlackFideId "20685327"]
[WhiteElo "2249"]
[BlackElo "2124"]
[Result "1-0"]
[Round "07"]
[TimeControl "180+2"]
[Date "2023.03.21"]
[WhiteClock "0:00:08"]
[BlackClock "0:00:06"]

1. d4 Nf6 2. c4 e6 3. Nf3 b6 4. g3 Bb7 5. Bg2 d5 6. Nbd2 Be7 7. O-O O-O 8. b3 Nbd7 9. Bb2 Ne4 10. Nxe4 dxe4 11. Nd2 f5 12. e3 Nf6 13. f3 exf3 14. Bxf3 Bxf3 15. Qxf3 Qe8 16. e4 Bb4 17. Bc3 Bxc3 18. Qxc3 fxe4 19. Rae1 Qc6 20. Qe3 Rad8 21. Nxe4 Nxe4 22. Qxe4 Rxf1+ 23. Kxf1 Rf8+ 24. Kg2 Qxe4+ 25. Rxe4 Rf6 26. b4 Kf7 27. a4 a6 28. a5 bxa5 29. bxa5 Ke7 30. g4 Kd6 31. h4 h5 32. c5+ Kd5 33. Re5+ Kxd4 34. Rxh5 e5 35. Rg5 Rf7 36. Rg6 e4 37. Rxa6 Kd5 38. Ra8 Kxc5 39. Re8 Kd4 40. a6 c5 41. g5 c4 42. g6 Ra7 43. h5 Rxa6 44. Re7 c3 45. Rxg7 Rc6 46. Rd7+ Ke3 47. g7 c2 48. g8=Q c1=Q 49. Qg5+ Ke2 50. Qg4+ Ke1 51. Qg3+ Ke2 52. Qf2# 1-0


[Site "https://www.chess.com"]

[Event "Titled Tuesday Blitz March 21 Late 2023"]
[White "Rose, Felix"]
[Black "Szyszylo, Rafal"]
[WhiteFideId "5105722"]
[BlackFideId "1109626"]
[WhiteElo "2039"]
[BlackElo "1951"]
[Result "1-0"]
[Round "07"]
[TimeControl "180+2"]
[Date "2023.03.21"]
[WhiteClock "0:00:59"]
[BlackClock "0:00:08"]

1. e4 g6 2. d4 d6 3. Nc3 Nf6 4. Nf3 Bg7 5. h3 O-O 6. Be3 Nc6 7. Qd2 e5 8. dxe5 Nxe5 9. Be2 Nxf3+ 10. Bxf3 Re8 11. O-O-O a6 12. Bh6 Bh8 13. Bg5 Be6 14. Qf4 Qe7 15. g4 Rad8 16. Rhe1 c6 17. h4 Bc8 18. h5 Qe5 19. Qe3 b5 20. a3 a5 21. Bf4 Qe7 22. hxg6 hxg6 23. g5 Ng4 24. Bxg4 Bxg4 25. f3 Bh5 26. Qb6 b4 27. axb4 axb4 28. Qxb4 Bxf3 29. Rxd6 Rxd6 30. Qxd6 Qa7 31. e5 Qa1+ 32. Nb1 Qxb2+ 33. Kxb2 Bd5 34. Nc3 Be6 35. Qxc6 Rb8+ 36. Kc1 Rc8 37. Qf3 Bg7 38. Nd5 Bf8 39. Nf6+ Kg7 40. Rh1 Bb4 41. Rh7+ Kf8 42. Rh8+ Kg7 43. Rxc8 Bxc8 44. Qa8 1-0


[Site "https://www.chess.com"]

[Event "Titled Tuesday Blitz March 21 Late 2023"]
[White "Vadim_Galchenko"]
[Black "Gatterer, Florian"]
[BlackFideId "811688"]
[WhiteElo "2190"]
[BlackElo "2221"]
[Result "1-0"]
[Round "07"]
[TimeControl "180+2"]
[Date "2023.03.21"]
[WhiteClock "0:00:49"]
[BlackClock "0:00:09"]

1. e4 e6 2. d4 d5 3. Nd2 dxe4 4. Nxe4 Nd7 5. Nf3 Ngf6 6. Nxf6+ Nxf6 7. Be3 Be7 8. Bd3 O-O 9. Qe2 Nd5 10. O-O-O Nxe3 11. fxe3 b6 12. h4 g6 13. h5 g5 14. h6 Kh8 15. Ne5 Bb7 16. Qh5 Qe8 17. Rhf1 f6 18. Ng6+ hxg6 19. Bxg6 Qa4 20. Kb1 Bd5 21. b3 Qa3 22. e4 Bb4 23. Rd3 Bc6 24. Bf7 Bxe4 25. Rfd1 Rad8 26. Bg6 f5 27. Bf7 f4 28. Qxg5 Bxd3 29. Qg7# 1-0


[Site "https://www.chess.com"]

[Event "Titled Tuesday Blitz March 21 Late 2023"]
[White "Hon, Eric"]
[Black "ArturoCaceres"]
[WhiteFideId "2097117"]
[WhiteElo "1918"]
[BlackElo "2385"]
[Result "1-0"]
[Round "07"]
[TimeControl "180+2"]
[Date "2023.03.21"]
[WhiteClock "0:01:00"]
[BlackClock "0:00:02"]

1. e4 c5 2. Nf3 Nc6 3. d4 cxd4 4. Nxd4 e5 5. Nb5 d6 6. N1c3 a6 7. Na3 b5 8. Nd5 Nge7 9. Be2 Nxd5 10. exd5 Nd4 11. c3 Nxe2 12. Qxe2 Be7 13. O-O O-O 14. Be3 Bg5 15. Nc2 Bf5 16. Bxg5 Qxg5 17. Ne3 Bd7 18. a4 f5 19. axb5 axb5 20. Nc2 f4 21. f3 Qg6 22. Nb4 Rfc8 23. Kh1 Qh6 24. Nc6 Bxc6 25. dxc6 Rxa1 26. Rxa1 Rxc6 27. Qxb5 Rc8 28. Qd5+ Kh8 29. Rd1 Rd8 30. Qxe5 Qg6 31. Qd4 Qf7 32. b4 h6 33. b5 Kh7 34. b6 Qf5 35. b7 Qf7 36. Qe4+ g6 37. Rb1 Rb8 38. h3 d5 39. Qb4 Qc7 40. Qd4 Qd7 41. Rb4 Rxb7 42. Rxb7 Qxb7 43. Qxf4 Qb1+ 44. Kh2 Qb7 45. Qd4 Qc6 46. h4 Qc7+ 47. g3 Qd7 48. c4 Qa4 49. Qxd5 Qc2+ 50. Kh3 Qc1 51. Qf7+ Kh8 52. Qxg6 Qxc4 53. Qxh6+ Kg8 54. Qg5+ Kh7 55. Qh5+ Kg7 56. Qg4+ 1-0


[Site "https://www.chess.com"]

[Event "Titled Tuesday Blitz March 21 Late 2023"]
[White "Bullen, Alex"]
[Black "Davidson, Kevin"]
[WhiteFideId "1801627"]
[BlackFideId "2056810"]
[WhiteElo "2088"]
[BlackElo "2151"]
[Result "1-0"]
[Round "07"]
[TimeControl "180+2"]
[Date "2023.03.21"]
[WhiteClock "0:00:12"]
[BlackClock "0:00:01"]

1. d4 Nf6 2. Nf3 g6 3. Nbd2 Bg7 4. e4 d6 5. Bd3 O-O 6. O-O e5 7. dxe5 dxe5 8. Nxe5 Nxe4 9. Nxf7 Nxf2 10. Rxf2 Qe7 11. Nb3 Rxf7 12. Bc4 Be6 13. Bxe6 Qxe6 14. Qd8+ Bf8 15. Rxf7 Kxf7 16. Bg5 Qd6 17. Rf1+ Kg7 18. Rxf8 Nd7 19. Rg8+ Kf7 20. Qxa8 Qd1+ 21. Kf2 Qxc2+ 22. Nd2 Qc5+ 23. Ke2 Qe5+ 24. Kd1 Qxg5 25. Qe8+ Kf6 26. Ne4+ Kf5 27. Nxg5 Ne5 28. g4+ 1-0


[Site "https://www.chess.com"]

[Event "Titled Tuesday Blitz March 21 Late 2023"]
[White "Beulen, Marcel"]
[Black "Bongo Akanga Ndjila, Barthelemy"]
[WhiteFideId "1001450"]
[BlackFideId "10609431"]
[WhiteElo "2383"]
[BlackElo "1768"]
[Result "1-0"]
[Round "07"]
[TimeControl "180+2"]
[Date "2023.03.21"]
[WhiteClock "0:00:44"]
[BlackClock "0:00:02"]

1. e4 e6 2. d4 d5 3. exd5 exd5 4. Nf3 Nf6 5. Bd3 Bd6 6. Qe2+ Qe7 7. Qxe7+ Kxe7 8. O-O Re8 9. Bg5 h6 10. Bh4 g5 11. Bg3 Bxg3 12. hxg3 Bg4 13. Ne5 Be6 14. Nd2 Nbd7 15. f4 Nf8 16. Rae1 gxf4 17. gxf4 Kd8 18. f5 Bd7 19. Nxf7+ Kc8 20. Nxh6 N8h7 21. Nf7 Rg8 22. Nf3 c6 23. N3e5 Kc7 24. Re3 Rg7 25. Nxd7 Kxd7 26. Ne5+ Kd6 27. c3 Rag8 28. Rf2 Ng5 29. Kf1 Nge4 30. Bxe4 Nxe4 31. Rc2 Ng3+ 32. Kg1 Nxf5 33. Rf3 Nh4 34. Rff2 c5 35. Nf3 cxd4 36. Nxh4 1-0


[Site "https://www.chess.com"]

[Event "Titled Tuesday Blitz March 21 Late 2023"]
[White "Krzywda, Andrzej"]
[Black "Oliveira, Tiago Batista"]
[WhiteFideId "1114565"]
[BlackFideId "2108291"]
[WhiteElo "2155"]
[BlackElo "1962"]
[Result "1-0"]
[Round "07"]
[TimeControl "180+2"]
[Date "2023.03.21"]
[WhiteClock "0:00:38"]
[BlackClock "0:00:08"]

1. c4 Nf6 2. g3 g6 3. Bg2 Bg7 4. Nf3 O-O 5. O-O c5 6. Nc3 Nc6 7. a3 d6 8. b4 cxb4 9. axb4 Nxb4 10. Ba3 Nc6 11. Qc2 Bd7 12. Rfb1 b6 13. d3 Rc8 14. Bc1 Ne8 15. Bb2 Nb4 16. Qd2 a5 17. Ne1 Nc7 18. Nc2 Nca6 19. Ne3 e6 20. h4 h5 21. Ne4 d5 22. Bxg7 Kxg7 23. Qb2+ f6 24. cxd5 exd5 25. Nd6 Rc6 26. Nb5 Be6 27. Nd4 Rd6 28. Rc1 Bf7 29. Qd2 Nc5 30. Nef5+ gxf5 31. Nxf5+ Kg6 32. Bh3 Rh8 33. Qf4 Rc6 34. g4 Qc7 35. gxh5+ Rxh5 36. Qg4+ Rg5 37. hxg5 fxg5 38. d4 Ne4 39. Rxc6+ Nxc6 40. Rc1 Qd7 41. Nh4+ 1-0


[Site "https://www.chess.com"]

[Event "Titled Tuesday Blitz March 21 Late 2023"]
[White "dorpato"]
[Black "Senft, Sean"]
[BlackFideId "2044960"]
[WhiteElo "2011"]
[BlackElo "1989"]
[Result "1-0"]
[Round "07"]
[TimeControl "180+2"]
[Date "2023.03.21"]
[WhiteClock "0:01:44"]
[BlackClock "0:01:38"]

1. d4 d5 2. c4 c6 3. Nc3 Nf6 4. cxd5 cxd5 5. Bf4 Nc6 6. e3 a6 7. Bd3 Bg4 8. f3 Bh5 9. Qb3 b5 10. Rc1 Rc8 11. Nxb5 axb5 12. Bxb5 Qa5+ 13. Kf2 Kd7 14. Ne2 e6 15. Rxc6 Rxc6 16. Rc1 Qb6 17. Bxc6+ Qxc6 18. Rxc6 Kxc6 19. Qa4+ Kb6 20. Nc3 Be7 21. Qb5+ Ka7 22. Bc7 Rc8 23. Qb6+ Ka8 24. Qa6# 1-0


[Site "https://www.chess.com"]

[Event "Titled Tuesday Blitz March 21 Late 2023"]
[White "ilya2700"]
[Black "Kaplan, Avi Harrison"]
[BlackFideId "30934559"]
[WhiteElo "2146"]
[BlackElo "1983"]
[Result "1-0"]
[Round "07"]
[TimeControl "180+2"]
[Date "2023.03.21"]
[WhiteClock "0:00:50"]
[BlackClock "0:00:24"]

1. d4 Nf6 2. Nc3 Na6 3. Bf4 c6 4. e4 d5 5. e5 Ne4 6. Nxe4 dxe4 7. c3 Nc7 8. Ne2 Nd5 9. Qd2 h5 10. Ng3 f5 11. exf6 exf6 12. h4 f5 13. Be2 Be7 14. Bxh5+ Kf8 15. Bg6 Rxh4 16. O-O-O Nxf4 17. Kb1 Nxg6 18. Rxh4 Nxh4 19. Rh1 Kf7 20. Qf4 Be6 21. Nh5 Bg5 22. Qe5 Bf6 23. Qf4 Qd5 24. b3 Ng6 25. Qc7+ Qd7 26. Qg3 Rh8 27. Rh2 a5 28. Kb2 a4 29. Rh3 axb3 30. Nf4 Nxf4 31. Rxh8 Nd3+ 32. Ka1 bxa2 33. Qb8 Qxd4 34. Qe8# 1-0


[Site "https://www.chess.com"]